 Dungeon Crawl Stone Soup version 0.30-a0-457-g4b7bca3bfa (webtiles) character file.

Game seed: 15981575118382518391

1 MisterAzrael the Caller (level 1, -2/10 HPs)
             Began as a Deep Elf Summoner on Dec 12, 2022.
             Slain by a goblin
             ... wielding a +2 dagger of speed
              (5 damage)
             ... on level 1 of the Dungeon.
             The game lasted 00:00:11 (73 turns).

MisterAzrael the Caller (Deep Elf Summoner)           Turns: 73, Time: 00:00:12

Health: -2/10      AC:  2    Str:  5    XL:     1   Next: 16%
Magic:  3/6        EV: 12    Int: 19    God:
Gold:   0          SH:  0    Dex: 15    Spells: 5/6 levels left

rFire   . . .      SeeInvis .    (no weapon)
rCold   . . .      Faith    .    (no shield)
rNeg    . . .      Spirit   .    a - +0 robe
rPois   .          Reflect  .    (no helmet)
rElec   .          Harm     .    (no cloak)
rCorr   .          Rampage  .    (no gloves)
Will    .....                    (no boots)
Stlth   ++........               (no amulet)
HPRegen 0.21/turn                (no ring)
MPRegen 0.10/turn                (no ring)

@: no status effects
A: no striking features
a: no special abilities


You were on level 1 of the Dungeon.
You visited 1 branch of the dungeon, and saw 1 of its levels.

Inventory:

Armour
 a - a +0 robe (worn)
Scrolls
 c - a scroll of vulnerability {unknown}
 d - a scroll of enchant weapon {unknown}
Potions
 b - a potion of magic


   Skills:
 + Level 2.4 Dodging
 + Level 2.4 Stealth
 + Level 3.0 Spellcasting
 + Level 4.4 Summonings


You had 5 spell levels left.
You knew the following spells:

 Your Spells              Type           Power      Damage    Failure   Level
a - Summon Small Mammal   Summ           76%        N/A       2%          1

Your spell library contained the following spells:

 Spells                   Type           Power      Damage    Failure   Level
 Call Imp                 Summ           19%        N/A       3%          2
 Call Canine Familiar     Summ           19%        N/A       8%          3
 Summon Guardian Golem    Hex/Summ       11%        N/A       19%         3
 Summon Lightning Spire   Summ/Air       11%        N/A       52%         4


Dungeon Overview and Level Annotations

Branches:
Dungeon (1/15)

Altars:


Message History

A kobold is nearby!
Your bat disappears in a puff of smoke!
Your quokka barely misses the kobold.
Your quokka disappears in a puff of smoke!
The kobold throws a stone.
The stone hits you but does no damage. The kobold misses your quokka.
Your quokka closely misses the kobold.
The kobold hits your quokka but does no damage.
Your quokka barely misses the kobold.
The kobold hits your quokka but does no damage.
Your quokka misses the kobold.
The kobold hits your quokka with a +0 dagger.
Your quokka closely misses the kobold.
The kobold throws a stone.
The stone barely misses your quokka. The stone barely misses you.
Your quokka closely misses the kobold. x2; The kobold throws a stone.
The stone barely misses your quokka. The stone misses you.
Your quokka closely misses the kobold.
Your quokka completely misses the kobold.
The kobold hits your quokka with a +0 dagger.
Your quokka bites the kobold.
The kobold dies!
Your quokka disappears in a puff of smoke!
Magic restored.
Found a scroll labelled PEOD FILOSEC.
A goblin is nearby!
A goblin is nearby!
The goblin shouts!
The goblin misses you.
Your quokka disappears in a puff of smoke!
The goblin barely misses you.
Your bat disappears in a puff of smoke!
The goblin hits you with a +2 dagger of speed.
Ouch! That really hurt!
The goblin hits you with a +2 dagger of speed.
* * * LOW HITPOINT WARNING * * *
The goblin misses you.
Your rat bites the goblin.
The goblin hits you with a +2 dagger of speed.
Ouch! That really hurt!
You die...

.....#...#......##.###
...... #...#...#..#...
#....##.##..#...#.###
#.........##..#.## ##
+.....##......##.#
B.##....#).....#..#.#
####...#...##..#.#.##.
......#...#...#..#..
.# #r@.....##..#..##.
#g#b#...# ....#. ..
#....#?.#.#...#. #.
.........#... ..
########### ##


You could see a goblin (ally target), a friendly bat (summoned) and a friendly
rat (summoned).

Vanquished Creatures (collateral kills)
  A bat (D:1)
  A kobold (D:1)
2 creatures vanquished.

Notes
Turn   | Place    | Note
-------+----------+-------------------------------------------
     0 | D:1      | MisterAzrael the Deep Elf Summoner began the quest for the
                  | Orb.
     0 | D:1      | Reached XP level 1. HP: 10/10 MP: 6/6
    73 | D:1      | Slain by a goblin

Illustrated notes

Levels and vault maps discovered:
D:1:      erik_arrival_cave_to_civilisation [erik_arrival_cave_to_hall],
          layout_loops_corners, basic_ecumenical_altar,
          minmay_misc_feat_secret_circle, minmay_rat_gold_closets

Action                   || total
-------------------------++-------
Melee: Unarmed           ||     1
 Cast: Summon Small Mamm ||     7
Armor: Robe              ||     4
Dodge: Dodged            ||    11

Table legend: (Time is in decaauts)
 A = Elapsed time spent in this place.
 B = Non-inter-level travel time spent in this place.
 C = Inter-level travel time spent in this place.
 D = Time resting spent in this place.
 E = Time spent auto-exploring this place.
 F = Levels seen in this place.
 G = Mean time per level.
                   A        B        C        D        E       F      G
               +--------+--------+--------+--------+--------+-----+--------+
         Total |     73 |     73 |      0 |      0 |     34 |   1 |   73.0 |
       Dungeon |     73 |     73 |      0 |      0 |     34 |   1 |   73.0 |
               +--------+--------+--------+--------+--------+-----+--------+

Top non-repeatable levels by time:
     D:1: 73 daAuts
